| TOP OF THE 1ST |
|
Baltimore Orioles batting - Pitching for California Angels : RHP Josh Hoeye
|
|
Pitching: RHP Josh Hoeye
|
|
|
Batting: SHB Aldo Questi
|
0-0: Bunted foul 0-1: Ball 1-1: Fly out, F8 (Flyball, 8RXD, EV 100.6 MPH)
|
|
Batting: LHB Jose Chinchilla
|
0-0: Ball 1-0: Ball 2-0: Foul Ball, location: 2F 2-1: Ball 3-1: DOUBLE (Flyball, 8RXD, EV 99.4 MPH)
|
|
Batting: RHB Rudo Garciaparra
|
0-0: Ball 1-0: Ball 2-0: Ball 3-0: Called Strike 3-1: Base on Balls
|
|
Batting: RHB Marc Peckermark
|
0-0: Ball 1-0: Foul Ball, location: 2F 1-1: Fly out, F8 (Flyball, 89M, EV 84.4 MPH)
|
|
Batting: LHB Paul Diaz
|
0-0: Ball 1-0: Fly out, F8 (Flyball, 78D, EV 100.0 MPH)
|
| Top of the 1st over - 0 runs, 1 hit, 0 errors, 2 left on base; Baltimore 0 - California 0 |
| BOTTOM OF THE 1ST |
|
California Angels batting - Pitching for Baltimore Orioles : LHP Randy Johnson Jr.
|
|
Pitching: LHP Randy Johnson Jr.
|
|
|
Batting: RHB Casey Semenza
|
0-0: Called Strike 0-1: Called Strike 0-2: Ball 1-2: Ball 2-2: Ball 3-2: Base on Balls
|
|
Batting: RHB Preston Deakyne
|
0-0: Foul Ball, location: 2F 0-1: Ball 1-1: Fielders Choice at 2nd, 5-4 (Groundball, 56, EV 88.1 MPH)
|
|
Batting: RHB Dietmar Warmisch
|
0-0: Foul Ball, location: 2F 0-1: SINGLE (Groundball, 6D, EV 101.2 MPH) Preston Deakyne to second
|
|
Batting: RHB Avery Maxwell
|
0-0: Foul Ball, location: 2F 0-1: Fly out, F7 (Flyball, 7D, EV 99.4 MPH)
|
|
Batting: RHB Alain Delhaye
|
0-0: Ball 1-0: Ball 2-0: SINGLE (Line Drive, 6MD, EV 100.6 MPH) Preston Deakyne to third Dietmar Warmisch to second Runner from 3rd tries for Home, SAFE, throw by CF to home
|
|
Batting: RHB Luis Romero
|
0-0: Ball 1-0: Foul Ball, location: 2F 1-1: Fly out, F9 (Flyball, 9S, EV 83.8 MPH)
|
| Bottom of the 1st over - 1 run, 2 hits, 0 errors, 2 left on base; Baltimore 0 - California 1 |
| TOP OF THE 2ND |
|
Baltimore Orioles batting - Pitching for California Angels : RHP Josh Hoeye
|
|
Batting: LHB Brad Pepin
|
0-0: Ball 1-0: Called Strike 1-1: Called Strike 1-2: Ball 2-2: Ball 3-2: Base on Balls
|
|
Batting: SHB Jason Hayes
|
0-0: Ball 1-0: Called Strike 1-1: Ball 2-1: Swinging Strike 2-2: Strikes out looking Brad Pepin steals 2nd, throwing error, E2 Brad Pepin to third
|
|
Batting: RHB Bobby Scholl
|
0-0: Foul Ball, location: 2F 0-1: Fly out, F8 (Flyball, 78S, EV 97.5 MPH)
|
|
Batting: RHB Kory Sanchez
|
0-0: Reached on error, E5 (Groundball, 56, EV 104.4 MPH) Brad Pepin scores
|
|
Batting: SHB Aldo Questi
|
0-0: Called Strike 0-1: Ball 1-1: Ball 2-1: 2-RUN HOME RUN (Line Drive, 89XD, EV 110.0 MPH), Distance : 431 ft
|
|
Batting: LHB Jose Chinchilla
|
0-0: Called Strike 0-1: Fly out, F8 (Flyball, 78S, EV 91.9 MPH)
|
| Top of the 2nd over - 3 runs, 1 hit, 2 errors, 0 left on base; Baltimore 3 - California 1 |
| BOTTOM OF THE 2ND |
|
California Angels batting - Pitching for Baltimore Orioles : LHP Randy Johnson Jr.
|
|
Batting: LHB Javier Trujillo
|
0-0: Foul Ball, location: 2F 0-1: Ball 1-1: Ground out 1-3 (Groundball, 34S, EV 71.2 MPH)
|
|
Batting: RHB Andres Mendiola
|
0-0: Called Strike 0-1: Swinging Strike 0-2: Foul Ball, location: 2F 0-2: Strikes out swinging
|
|
Batting: LHB Jack Bell
|
0-0: Fly out, F7 (Flyball, 7D, EV 89.4 MPH)
|
| Bottom of the 2nd over - 0 runs, 0 hits, 0 errors, 0 left on base; Baltimore 3 - California 1 |
| TOP OF THE 3RD |
|
Baltimore Orioles batting - Pitching for California Angels : RHP Josh Hoeye
|
|
Batting: RHB Rudo Garciaparra
|
0-0: Called Strike 0-1: Ball 1-1: Swinging Strike 1-2: Fly out, F8 (Line Drive, 8LM, EV 85.0 MPH)
|
|
Batting: RHB Marc Peckermark
|
0-0: Ball 1-0: Foul Ball, location: 2F 1-1: Ball 2-1: Called Strike 2-2: Fly out, F7 (Flyball, 78M, EV 81.2 MPH)
|
|
Batting: LHB Paul Diaz
|
0-0: Ground out 5-3 (Groundball, 56S, EV 69.4 MPH)
|
| Top of the 3rd over - 0 runs, 0 hits, 0 errors, 0 left on base; Baltimore 3 - California 1 |
| BOTTOM OF THE 3RD |
|
California Angels batting - Pitching for Baltimore Orioles : LHP Randy Johnson Jr.
|
|
Batting: RHB Casey Semenza
|
0-0: Called Strike 0-1: SINGLE (Groundball, 6MD, EV 95.0 MPH)
|
|
Batting: RHB Preston Deakyne
|
0-0: Grounds into double play, 4-6-3 (Groundball, 4, EV 106.9 MPH)
|
|
Batting: RHB Dietmar Warmisch
|
0-0: Ball 1-0: Foul Ball, location: 2F 1-1: Swinging Strike 1-2: Hit by Pitch
|
|
Batting: RHB Avery Maxwell
|
0-0: Foul Ball, location: 2F 0-1: Foul Ball, location: 2F 0-2: Ball 1-2: Ball 2-2: Foul Ball, location: 2F 2-2: Ball 3-2: Ground out 4-3 (Groundball, 34S, EV 91.2 MPH)
|
| Bottom of the 3rd over - 0 runs, 1 hit, 0 errors, 1 left on base; Baltimore 3 - California 1 |
| TOP OF THE 4TH |
|
Baltimore Orioles batting - Pitching for California Angels : RHP Josh Hoeye
|
|
Batting: LHB Brad Pepin
|
0-0: Ball 1-0: Ball 2-0: Ball 3-0: Base on Balls
|
|
Batting: SHB Jason Hayes
|
0-0: Bunted foul 0-1: Sac Bunt to 2R - play at first, batter OUT! 2-3 Brad Pepin to second
|
|
Batting: RHB Bobby Scholl
|
0-0: Ball 1-0: Called Strike 1-1: Ball 2-1: Foul Ball, location: 2F 2-2: Ball 3-2: Base on Balls
|
|
Batting: RHB Kory Sanchez
|
0-0: Ball 1-0: Fly out, F9 (Flyball, 89S, EV 88.8 MPH)
|
|
Pinch Hitting: RHB Saimei Kudo
|
0-0: Fly out, F9 (Line Drive, 9S, EV 108.8 MPH)
|
| Top of the 4th over - 0 runs, 0 hits, 0 errors, 2 left on base; Baltimore 3 - California 1 |
| BOTTOM OF THE 4TH |
|
California Angels batting - Pitching for Baltimore Orioles : LHP Randy Johnson Jr.
|
|
Now at 3B: Saimei Kudo
|
|
|
Batting: RHB Alain Delhaye
|
0-0: Ball 1-0: Ball 2-0: Foul Ball, location: 2F 2-1: Fly out, F7 (Flyball, 7S, EV 74.4 MPH)
|
|
Batting: RHB Luis Romero
|
0-0: Ball 1-0: Ball 2-0: Called Strike 2-1: SINGLE (Line Drive, 34D, EV 105.0 MPH)
|
|
Batting: LHB Javier Trujillo
|
0-0: Called Strike 0-1: SINGLE (Groundball, 34D, EV 98.1 MPH) Luis Romero to second Runner from 2nd tries for 3rd, SAFE, throw by RF made to third
|
|
Batting: RHB Andres Mendiola
|
0-0: Ball 1-0: Fly out, F9 (Flyball, 9D, EV 86.2 MPH) Runner from 3rd tags up, SCORES, no throw by RF
|
|
Batting: LHB Jack Bell
|
0-0: Ball 1-0: Ball 2-0: Ball Wild Pitch! Javier Trujillo to second 3-0: Foul Ball, location: 2F 3-1: DOUBLE (Flyball, 8RXD, EV 102.5 MPH) Javier Trujillo scores
|
|
Batting: RHB Casey Semenza
|
0-0: Ground out 6-3 (Groundball, 6, EV 78.1 MPH)
|
| Bottom of the 4th over - 2 runs, 3 hits, 0 errors, 1 left on base; Baltimore 3 - California 3 |
| TOP OF THE 5TH |
|
Baltimore Orioles batting - Pitching for California Angels : RHP Josh Hoeye
|
|
Pitching: RHP Danny Nerio
|
|
|
Now at C: Juan Rosa
|
|
|
Now at 1B: Oren Jones
|
|
|
Now at 2B: Jose Pineda
|
|
|
Now at 3B: Jasper Burd
|
|
|
Now at SS: Timoleon Tsikouna
|
|
|
Now in CF: Danny Odom
|
|
|
Pinch Hitting: RHB Andres Leon
|
0-0: Ball 1-0: Ball 2-0: Ball 3-0: Called Strike 3-1: Called Strike 3-2: Ground out 4-3 (Groundball, 4, EV 86.9 MPH)
|
|
Batting: RHB Rudo Garciaparra
|
0-0: SOLO HOME RUN (Flyball, 7LD, EV 97.5 MPH), Distance : 370 ft
|
|
Pinch Hitting: RHB Blake Ballard
|
0-0: Foul Ball, location: 2F 0-1: Swinging Strike 0-2: Strikes out swinging
|
|
Pinch Hitting: LHB Johan de Vries
|
0-0: Called Strike 0-1: Ball 1-1: SOLO HOME RUN (Flyball, 78XD, EV 114.4 MPH), Distance : 456 ft
|
|
Batting: LHB Brad Pepin
|
0-0: Ball 1-0: Swinging Strike 1-1: Ball 2-1: Foul Ball, location: 2F 2-2: Ball 3-2: Foul Ball, location: 2F 3-2: Fly out, F8 (Flyball, 8LD, EV 88.1 MPH)
|
| Top of the 5th over - 2 runs, 2 hits, 0 errors, 0 left on base; Baltimore 5 - California 3 |
| BOTTOM OF THE 5TH |
|
California Angels batting - Pitching for Baltimore Orioles : LHP Randy Johnson Jr.
|
|
Now at 1B: Johan de Vries
|
|
|
Now at 2B: Saimei Kudo
|
|
|
Now at 3B: Jesse Basich
|
|
|
Now at SS: Andres Leon
|
|
|
Now in LF: Tyler Allen
|
|
|
Now in RF: Blake Ballard
|
|
|
Batting: RHB Jasper Burd
|
0-0: Called Strike 0-1: Called Strike 0-2: Ball 1-2: SINGLE (Groundball, 3S, EV 65.0 MPH) (infield hit)
|
|
Batting: RHB Danny Odom
|
0-0: Ball 1-0: Swinging Strike 1-1: Swinging Strike 1-2: Foul Ball, location: 2F 1-2: Ball 2-2: Ball 3-2: Strikes out swinging
|
|
Batting: RHB Oren Jones
|
0-0: Ball Jasper Burd steals 2nd base (no throw) 1-0: Ball 2-0: Foul Ball, location: 2F 2-1: Ball 3-1: Foul Ball, location: 2F 3-2: Foul Ball, location: 2F 3-2: SINGLE (Groundball, 56, EV 103.1 MPH) (infield hit) Jasper Burd to third
|
|
Pitching: RHP Jay Rapini
|
|
|
Batting: RHB Alain Delhaye
|
0-0: Ball 1-0: Called Strike 1-1: Swinging Strike 1-2: Strikes out swinging
|
|
Batting: RHB Nick Dunn
|
0-0: Ball 1-0: Ball 2-0: Foul Ball, location: 2F 2-1: SINGLE (Line Drive, 78S, EV 95.6 MPH) Jasper Burd scores Oren Jones to second
|
|
Batting: RHB Jose Pineda
|
0-0: Ball 1-0: Foul Ball, location: 2F 1-1: Fly out, F3 (Popup, 3, EV 59.4 MPH)
|
| Bottom of the 5th over - 1 run, 3 hits, 0 errors, 2 left on base; Baltimore 5 - California 4 |
| TOP OF THE 6TH |
|
Baltimore Orioles batting - Pitching for California Angels : RHP Danny Nerio
|
|
Pitching: RHP Jared Pollard
|
|
|
Now in RF: Justin Lauderdale
|
|
|
Batting: LHB Bob Melley
|
0-0: Called Strike 0-1: Ball 1-1: Ground out 5-3 (Groundball, 5, EV 100.0 MPH)
|
|
Batting: RHB Jesse Basich
|
0-0: Ball 1-0: DOUBLE (Line Drive, 8RXD, EV 99.4 MPH)
|
|
Batting: RHB Kory Sanchez
|
0-0: Called Strike 0-1: Ball 1-1: Swinging Strike 1-2: Foul Ball, location: 2F 1-2: Strikes out swinging
|
|
Batting: RHB Saimei Kudo
|
0-0: Ball 1-0: Ball 2-0: Ball 3-0: Called Strike 3-1: Fly out, F8 (Flyball, 8RS, EV 93.8 MPH)
|
| Top of the 6th over - 0 runs, 1 hit, 0 errors, 1 left on base; Baltimore 5 - California 4 |
| BOTTOM OF THE 6TH |
|
California Angels batting - Pitching for Baltimore Orioles : RHP Jay Rapini
|
|
Pitching: RHP Errol Dondale
|
|
|
Batting: RHB Juan Rosa
|
0-0: Called Strike 0-1: Called Strike 0-2: Strikes out swinging
|
|
Batting: RHB Timoleon Tsikouna
|
0-0: Ball 1-0: Ball 2-0: Ground out 5-3 (Groundball, 56S, EV 87.5 MPH)
|
|
Pinch Hitting: RHB Bjoern Waltersson
|
0-0: Ground out 6-3 (Groundball, 6, EV 81.9 MPH)
|
| Bottom of the 6th over - 0 runs, 0 hits, 0 errors, 0 left on base; Baltimore 5 - California 4 |
| TOP OF THE 7TH |
|
Baltimore Orioles batting - Pitching for California Angels : RHP Jared Pollard
|
|
Pitching: RHP Allen Weaver
|
|
|
Now in LF: Bjoern Waltersson
|
|
|
Batting: RHB Andres Leon
|
0-0: Foul Ball, location: 2F 0-1: Ball 1-1: Called Strike 1-2: Ball 2-2: Ball 3-2: Ground out 4-3 (Groundball, 4, EV 105.6 MPH)
|
|
Batting: LHB Tyler Allen
|
0-0: Ball 1-0: Called Strike 1-1: Ball 2-1: Foul Ball, location: 2F 2-2: Strikes out swinging
|
|
Batting: RHB Blake Ballard
|
0-0: Ground out 2-3 (Groundball, 2L, EV 64.4 MPH)
|
| Top of the 7th over - 0 runs, 0 hits, 0 errors, 0 left on base; Baltimore 5 - California 4 |
| BOTTOM OF THE 7TH |
|
California Angels batting - Pitching for Baltimore Orioles : RHP Errol Dondale
|
|
Pitching: RHP Zachery Noyes
|
|
|
Now in LF: Mike Hayward
|
|
|
Now in CF: Tyler Allen
|
|
|
Batting: RHB Jasper Burd
|
0-0: Swinging Strike 0-1: Swinging Strike 0-2: Foul Ball, location: 2F 0-2: Ball 1-2: Foul Ball, location: 2F 1-2: Foul Ball, location: 2F 1-2: Hit by Pitch
|
|
Batting: RHB Danny Odom
|
0-0: Swinging Strike 0-1: Foul Ball, location: 2F 0-2: Ball 1-2: Ball 2-2: Fly out, F9 (Flyball, 9, EV 90.6 MPH)
|
|
Batting: RHB Oren Jones
|
0-0: Ball 1-0: Foul Ball, location: 2F 1-1: Ball Jasper Burd steals 2nd base 2-1: Foul Ball, location: 2F 2-2: Ball 3-2: SINGLE (Line Drive, 7S, EV 90.6 MPH) Jasper Burd to third
|
|
Batting: RHB Justin Lauderdale
|
0-0: Called Strike 0-1: Called Strike 0-2: Ball 1-2: Ball 2-2: Foul Ball, location: 2F 2-2: Foul Ball, location: 2F 2-2: Ground out 5-3 (Groundball, 6S, EV 71.9 MPH) Oren Jones to second
|
|
Batting: RHB Nick Dunn
|
0-0: Ball 1-0: Ball 2-0: Ball 3-0: Base on Balls
|
|
Batting: RHB Jose Pineda
|
0-0: Ball 1-0: SINGLE (Groundball, 6D, EV 107.5 MPH) Jasper Burd scores Oren Jones to third Nick Dunn to second
|
|
Batting: RHB Juan Rosa
|
0-0: Called Strike 0-1: Foul Ball, location: 2F 0-2: Strikes out swinging
|
| Bottom of the 7th over - 1 run, 2 hits, 0 errors, 3 left on base; Baltimore 5 - California 5 |
| TOP OF THE 8TH |
|
Baltimore Orioles batting - Pitching for California Angels : RHP Allen Weaver
|
|
Batting: LHB Johan de Vries
|
0-0: Ground out 4-3 (Groundball, 4, EV 79.4 MPH)
|
|
Batting: RHB Mike Hayward
|
0-0: Ball 1-0: Ball 2-0: Foul Ball, location: 2F 2-1: Ball 3-1: Base on Balls
|
|
Batting: LHB Bob Melley
|
0-0: Swinging Strike 0-1: Ball 1-1: Ball 2-1: Ball 3-1: Grounds into double play, 4-6-3 (Groundball, 4, EV 84.4 MPH)
|
| Top of the 8th over - 0 runs, 0 hits, 0 errors, 0 left on base; Baltimore 5 - California 5 |
| BOTTOM OF THE 8TH |
|
California Angels batting - Pitching for Baltimore Orioles : RHP Zachery Noyes
|
|
Pitching: LHP Katsumi Omura
|
|
|
Batting: RHB Timoleon Tsikouna
|
0-0: Called Strike 0-1: Called Strike 0-2: Foul Ball, location: 2F 0-2: Strikes out swinging
|
|
Batting: RHB Bjoern Waltersson
|
0-0: Ball 1-0: Swinging Strike 1-1: Swinging Strike 1-2: Ground out 6-3 (Groundball, 56, EV 97.5 MPH)
|
|
Pinch Hitting: RHB Jeff Long
|
0-0: Ground out 6-3 (Groundball, 6, EV 86.2 MPH)
|
| Bottom of the 8th over - 0 runs, 0 hits, 0 errors, 0 left on base; Baltimore 5 - California 5 |
| TOP OF THE 9TH |
|
Baltimore Orioles batting - Pitching for California Angels : RHP Allen Weaver
|
|
Pitching: RHP Robbie Delgado
|
|
|
Now at 1B: Bjoern Waltersson
|
|
|
Now at 3B: Oren Jones
|
|
|
Now in LF: Tsega Haida
|
|
|
Pinch Hitting: LHB Jesus Lozano
|
0-0: Ball 1-0: SINGLE (Flyball, 7LS, EV 94.4 MPH)
|
|
Pinch Hitting: SHB Robert Handy
|
0-0: Called Strike 0-1: Ball 1-1: Ball Jesus Lozano steals 2nd base 2-1: Foul Ball, location: 2F 2-2: Fly out, F5 (Popup, 56, EV 65.0 MPH)
|
|
Batting: RHB Saimei Kudo
|
0-0: Called Strike 0-1: Ball 1-1: Swinging Strike 1-2: Foul Ball, location: 2F 1-2: Ball 2-2: Strikes out swinging
|
|
Pinch Hitting: LHB Ben Rubenacker
|
0-0: Ball 1-0: Called Strike 1-1: Ground out 6-3 (Groundball, 6MS, EV 85.0 MPH)
|
| Top of the 9th over - 0 runs, 1 hit, 0 errors, 1 left on base; Baltimore 5 - California 5 |
| BOTTOM OF THE 9TH |
|
California Angels batting - Pitching for Baltimore Orioles : LHP Katsumi Omura
|
|
Pitching: RHP Chris Dauphin
|
|
|
Now at C: Robert Handy
|
|
|
Now at 1B: Ben Rubenacker
|
|
|
Now at 2B: Jesus Lozano
|
|
|
Now at 3B: Johan de Vries
|
|
|
Now at SS: Saimei Kudo
|
|
|
Pinch Hitting: SHB Butch Brown
|
0-0: Called Strike 0-1: Ball 1-1: Ball 2-1: Ball 3-1: SINGLE (Groundball, 34D, EV 101.9 MPH)
|
|
Batting: RHB Oren Jones
|
0-0: Grounds into double play, 6-4-3 (Groundball, 6, EV 80.0 MPH)
|
|
Batting: RHB Justin Lauderdale
|
0-0: Called Strike 0-1: Ball 1-1: Ball 2-1: Ball 3-1: Foul Ball, location: 2F 3-2: Foul Ball, location: 2F 3-2: Base on Balls
|
|
Batting: LHB Micah Miller
|
0-0: Called Strike 0-1: Swinging Strike 0-2: Strikes out looking
|
| Bottom of the 9th over - 0 runs, 1 hit, 0 errors, 1 left on base; Baltimore 5 - California 5 |
| TOP OF THE 10TH |
|
Baltimore Orioles batting - Pitching for California Angels : RHP Robbie Delgado
|
|
Pitching: LHP Jon Curtis
|
|
|
Now in CF: Butch Brown
|
|
|
Batting: LHB Tyler Allen
|
0-0: Ball 1-0: Ground out U3 (Groundball, 3, EV 78.1 MPH)
|
|
Pitching: RHP Erick Vazquez
|
|
|
Pinch Hitting: LHB Gabe Pace
|
0-0: Ball 1-0: Called Strike 1-1: Foul Ball, location: 2F 1-2: Ball 2-2: Ground out 4-3 (Groundball, 4, EV 88.1 MPH)
|
|
Batting: LHB Johan de Vries
|
0-0: Ball 1-0: Called Strike 1-1: Foul Ball, location: 2F 1-2: Ground out 6-3 (Groundball, 6, EV 105.0 MPH)
|
| Top of the 10th over - 0 runs, 0 hits, 0 errors, 0 left on base; Baltimore 5 - California 5 |
| BOTTOM OF THE 10TH |
|
California Angels batting - Pitching for Baltimore Orioles : RHP Chris Dauphin
|
|
Pitching: RHP Terry Huffmaster
|
|
|
Now in RF: Gabe Pace
|
|
|
Pinch Hitting: RHB Mike Harkins
|
0-0: Called Strike 0-1: Ground out 6-3 (Groundball, 6, EV 85.6 MPH)
|
|
Batting: RHB Juan Rosa
|
0-0: Swinging Strike 0-1: SINGLE (Groundball, 34D, EV 107.5 MPH)
|
|
Pinch Hitting: RHB Jose Ramirez
|
0-0: Called Strike 0-1: Foul Ball, location: 2F 0-2: Ball 1-2: Ball 2-2: Ball 3-2: Base on Balls Juan Rosa to second
|
|
Batting: RHB Bjoern Waltersson
|
0-0: Ball 1-0: Ball 2-0: Ball 3-0: Base on Balls Juan Rosa to third Jose Ramirez to second
|
|
Batting: RHB Tsega Haida
|
0-0: Ball 1-0: Ball 2-0: Grounds into fielders choice 5-2 (Groundball, 56S, EV 88.8 MPH) Jose Ramirez to third Bjoern Waltersson to second
|
|
Batting: SHB Butch Brown
|
0-0: Called Strike 0-1: Ball 1-1: SINGLE (Groundball, 4M, EV 86.2 MPH) (infield hit) Jose Ramirez scores
|
| Bottom of the 10th over - 1 run, 2 hits, 0 errors, 2 left on base; Baltimore 5 - California 6 |
|